 Dungeon Crawl Stone Soup version 0.31.0-11-ge490571c62 (webtiles) character file.

Game seed: 768795030723994354

3076 hawla the Protected (level 9, -2/71 HPs)
             Began as a Minotaur Fighter on Feb 9, 2024.
             Was a Priest of Makhleb.
             Slain by a sky beast (6 damage)
             ... on level 8 of the Dungeon on Feb 10, 2024.
             The game lasted 00:15:06 (5864 turns).

hawla the Protected (Minotaur Fighter)              Turns: 5864, Time: 00:15:08

Health: -2/71      AC: 20    Str: 26    XL:     9   Next: 58%
Magic:  21/21      EV:  8    Int:  9    God:    Makhleb [***...]
Gold:   362        SH: 11    Dex:  9    Spells: 8/8 levels left

rFire   + . .        a - +2 war axe
rCold   . . .        c - +2 buckler
rNeg    . . .        x - +0 plate armour
rPois   .            (helmet restricted)
rElec   .            p - +1 cloak
rCorr   .            (no gloves)
SInv    .            r - +1 pair of boots
Will    .....        j - amulet of reflection Stlth
                     y - ring "Enwijy" {*Corrode rF+ MP+9 Int+4 Stlth+}
HPRegen 0.31/turn    (no ring)
MPRegen 0.17/turn

%: corrode self (3%), reflection
@: no status effects
A: horns 2, retaliatory headbutt
a: Renounce Religion, Minor Destruction, Lesser Servant of Makhleb


You were on level 8 of the Dungeon.
You worshipped Makhleb.
Makhleb was most pleased with you.
You visited 1 branch of the dungeon, and saw 8 of its levels.

You collected 362 gold pieces.

Inventory:

Hand Weapons
 a - a +2 war axe (weapon)
 u - a +0 battleaxe
 w - a +2 trident of venom
 B - the +5 rapier "Nost" {venom, rN+ Will+}
   (You found it on level 7 of the Dungeon)

   rN+:       It protects you from negative energy.
   Will+:     It increases your willpower.
Missiles
 q - 8 poisoned darts (quivered)
Armour
 c - a +2 buckler (worn)
 m - a +1 chain mail
 p - a +1 cloak (worn)
 r - a +1 pair of boots (worn)
 x - a +0 plate armour (worn)
Jewellery
 j - an amulet of reflection (around neck)
 s - an amulet of regeneration
 y - the ring "Enwijy" (left hand) {*Corrode rF+ MP+9 Int+4 Stlth+}
   (You found it on level 7 of the Dungeon)

   [ring of protection from fire]

   Int+4:     It affects your intelligence (+4).
   rF+:       It protects you from fire.
   MP+9:      It affects your magic capacity (+9).
   *Corrode:  It may corrode you when you take damage.
   Stlth+:    It makes you more stealthy.
Wands
 t - a wand of iceblast (11)
Scrolls
 e - 2 scrolls of revelation
 g - a scroll of teleportation
 i - 5 scrolls of identify
 v - a scroll of vulnerability {unknown}
 D - a scroll of blinking {unknown}
 F - a scroll of enchant weapon
 G - a scroll of brand weapon {unknown}
Potions
 b - 7 potions of curing
 d - 2 potions of might
 f - 3 potions of enlightenment
 h - a potion of brilliance
 k - a potion of cancellation
 l - a potion of mutation {unknown}
 n - a potion of heal wounds
 o - 2 potions of magic {unknown}
 z - a potion of lignification {unknown}
 A - 2 potions of haste {unknown}
 C - a potion of ambrosia {unknown}
 E - a potion of attraction {unknown}


   Skills:
 - Level 4.0 Fighting
 - Level 2.4 Axes
 - Level 6.0 Throwing
 - Level 11.8 Armour
 - Level 2.0 Dodging
 - Level 5.0 Shields
 + Level 5.5 Invocations
 - Level 2.0 Evocations


You had 8 spell levels left.
You didn't know any spells.
Your spell library was empty.

Dungeon Overview and Level Annotations

Branches:
Dungeon (8/15)             Temple (0/1) D:4
   Lair: D:8-11

Altars:
Dithmenos
Elyvilon
Fedhas
Gozag
Kikubaaqudgha
Makhleb
Okawaru
Vehumet
Wu Jian
Zin

Shops:
D:6 [

Annotations:
D:6 dig the shop
D:8 Grum


Innate Abilities, Weirdness & Mutations

You have a pair of horns on your head.
You reflexively headbutt those who attack you in melee.


Message History

You block Grum's attack. The wolf barely misses you.
Grum hits you but does no damage. Something hits you but does no damage.
You barely miss something. You barely miss the wolf.
The wolf bites you but does no damage. You block the wolf's attack.
Something hits you but does no damage. Grum hits you but does no damage.
You hit something. You slash the wolf!
You kill the wolf!
Makhleb accepts your kill.
You feel better.
A sky beast appears from thin air!
Reactivating autopickup.
You block the sky beast's attack. Grum completely misses you.
You block Grum's attack.
The sky beast hits you but does no damage.
The sky beast flickers out of sight!
Deactivating autopickup; reactivate with Ctrl-A.
Something hits you but does no damage. You block Grum's attack.
Things that are here:
a +0 whip; 5 stones; a kobold corpse Something hits you but does no damage.
Grum hits you but does no damage.
You slash Grum! You headbutt Grum!
Grum is heavily wounded.
You closely miss something. Grum hits you but does no damage.
Something completely misses you.
Unknown command.
You hit Grum but do no damage.
Grum is heavily wounded.
You closely miss something.
Grum hits you with a +1 spear of flaming!
* * * LOW HITPOINT WARNING * * *
Grum burns you.
* * * LOW HITPOINT WARNING * * *
Something hits you but does no damage.
Grum hits you with a +1 spear of flaming.
* * * LOW HITPOINT WARNING * * *
Grum burns you.
* * * LOW HITPOINT WARNING * * *
Something hits you.
* * * LOW HITPOINT WARNING * * *
Something shocks you.
You die...

#.........####....#
...................
#..(........#......
#..................
#.................. #
##.[............####
###.###................. #
.........g............##..
......)){@............###.
....###.).............# #.
......))).............. ..
....###........... ### ..
##.......... .......#...
..####### ## ..# ###


You could see Grum.

Vanquished Creatures
  A troll (D:8)
  A steam dragon (D:6)
  2 orc warriors
  3 water moccasins
  An ice beast (D:8)
  2 ogres
  2 centaurs
  4 wolves (D:8)
  A kobold brigand (D:8)
  3 bullfrogs (D:6)
  2 scorpions
  3 wights (D:7)
  4 hounds
  2 jellies
  A gnoll bouda (D:5)
  3 orc priests
  Crazy Yiuf (D:2)
  2 sleepcaps
  Jessica (D:2)
  5 iguanas
  Terence (D:2)
  3 orc wizards
  A statue (D:6)
  Robin (D:2)
  5 gnolls
  5 adders
  A shadow imp (D:7)
  2 white imps
  2 ufetubi (D:5)
  2 ribbon worms
  41 orcs
  6 ball pythons
  8 endoplasms
  3 giant cockroaches
  21 goblins
  6 hobgoblins
  3 jackals (D:4)
  6 quokkas
  2 bats
  A frilled lizard (D:3)
  14 kobolds
  5 rats
183 creatures vanquished.

Notes
Turn   | Place    | Note
-------+----------+-------------------------------------------
     0 | D:1      | hawla the Minotaur Fighter began the quest for the Orb.
     0 | D:1      | Reached XP level 1. HP: 19/19 MP: 0/0
   131 | D:1      | Reached skill level 1 in Dodging
   230 | D:1      | Reached XP level 2. HP: 26/26 MP: 1/1
   709 | D:2      | Noticed Robin
   719 | D:2      | Reached XP level 3. HP: 23/33 MP: 2/2
   722 | D:2      | Killed Robin
   881 | D:2      | Reached skill level 5 in Shields
   901 | D:2      | Noticed Jessica
   905 | D:2      | Killed Jessica
   906 | D:2      | Reached skill level 4 in Armour
   906 | D:2      | Reached XP level 4. HP: 33/40 MP: 3/3
  1078 | D:2      | Noticed Terence
  1082 | D:2      | Killed Terence
  1223 | D:2      | Found a runed translucent door.
  1224 | D:2      | Noticed Crazy Yiuf
  1316 | D:2      | Killed Crazy Yiuf
  1317 | D:2      | Reached skill level 5 in Armour
  1317 | D:2      | Reached XP level 5. HP: 23/46 MP: 4/4
  1773 | D:3      | Reached skill level 6 in Armour
  2223 | D:3      | Found a burning altar of Makhleb.
  2223 | D:3      | Found a shadowy altar of Dithmenos.
  2258 | D:3      | Became a worshipper of Makhleb the Destroyer
  2294 | D:4      | Found a staircase to the Ecumenical Temple.
  2317 | D:4      | Reached XP level 6. HP: 42/52 MP: 5/5
  2318 | D:4      | Reached skill level 7 in Armour
  2732 | D:4      | Found a blossoming altar of Fedhas.
  2912 | D:4      | Reached skill level 8 in Armour
  2972 | D:5      | Entered Level 5 of the Dungeon
  2996 | D:5      | Reached * piety under Makhleb
  3005 | D:5      | Reached XP level 7. HP: 56/59 MP: 6/6
  3141 | D:5      | Found an iron altar of Okawaru.
  3162 | D:5      | Reached skill level 9 in Armour
  3670 | D:5      | Found an ornate altar of the Wu Jian Council.
  3754 | D:5      | Found an ancient bone altar of Kikubaaqudgha.
  3805 | D:5      | Found an opulent altar of Gozag.
  3813 | D:5      | Found a glowing silver altar of Zin.
  4079 | D:6      | Reached skill level 10 in Armour
  4090 | D:6      | Noticed a steam dragon
  4098 | D:6      | Killed a steam dragon
  4141 | D:6      | Reached XP level 8. HP: 63/66 MP: 7/7
  4204 | D:6      | Reached skill level 11 in Armour
  4458 | D:6      | Reached skill level 1 in Evocations
  4734 | D:6      | Found a radiant altar of Vehumet.
  4887 | D:6      | Found Hofagos's Armour Shop.
  4912 | D:7      | Identified the ring "Enwijy" {*Corrode rF+ MP+9 Int+4
                  | Stlth+}
  5027 | D:7      | Reached ** piety under Makhleb
  5110 | D:7      | Reached skill level 5 in Throwing
  5110 | D:7      | Reached XP level 9. HP: 59/71 MP: 8/8
  5124 | D:7      | Identified the +5 rapier "Nost" {venom, rN+ Will+}
  5464 | D:7      | Found a white marble altar of Elyvilon.
  5573 | D:8      | Reached skill level 1 in Invocations
  5639 | D:8      | Noticed a troll
  5654 | D:8      | Killed a troll
  5824 | D:8      | Noticed Grum
  5847 | D:8      | Reached skill level 5 in Invocations
  5849 | D:8      | Reached *** piety under Makhleb
  5864 | D:8      | Slain by a sky beast

Illustrated notes

Levels and vault maps discovered:
D:1:      scummos_arrival_gate, layout_basic
D:2:      layout_basic, uniq_jessica, uniq_terence, uniq_crazy_yiuf_cottage,
          uniq_robin
D:3:      layout_basic, gammafunk_temple_overflow_statue
D:4:      layout_basic, mainiacjoe_overflow_cross_hatched,
          minmay_temple_entry_gardened_gates,
          amcnicky_mini_rare_corridor_liquid, minmay_ogre_servants
D:5:      layout_basic, pdpol_temple_overflow_zin_treasury_gozag_greed,
          lemuel_round_altar, mainiacjoe_overflow_alcove_2,
          mainiacjoe_overflow_paths
D:6:      wander_river, layout_rooms, vehumet_statue, serial_shops, shop_statue,
          small_statue_intersection, kennysheep_dice
D:7:      layout_cave_pools, nicolae_elyvilon_temple_path,
          nicolae_concentric_dashed_squares_mild
D:8:      layout_rooms, uniq_grum

Skill      XL: |  1  2  3  4  5  6  7  8  9 |
---------------+----------------------------+-----
Dodging        | 1 2 |  2.0
Fighting       | 4 |  4.0
Shields        | 4 5 |  5.0
Armour         | 4 5 6 8 10 11 | 11.8
Evocations     | 2 |  2.0
Throwing       | 5 6 |  6.0
Invocations    | 5 |  5.5
Axes           | |  2.4

Action                     |  1- 3 |  4- 6 |  7- 9 || total
---------------------------+-------+-------+-------++-------
  Melee: War axe           |    54 |   114 |   185 ||   353
         Headbutt          |    10 |    14 |    51 ||    75
         Rapier            |       |       |    69 ||    69
  Evoke: Wand              |       |       |     1 ||     1
    Use: Scroll            |     7 |     5 |     7 ||    19
         Potion            |       |       |     3 ||     3
 Armour: Scale mail        |     6 |       |       ||     6
         Chain mail        |    33 |    73 |    80 ||   186
         Plate armour      |       |       |   211 ||   211
  Dodge: Dodged            |    28 |    49 |   122 ||   199
  Block: Buckler           |    10 |    60 |   211 ||   281
         Reflection        |       |     1 |    11 ||    12
